 Dungeon Crawl Stone Soup version 0.27-a0-681-g0c81a3c1c3 (webtiles) character file.

Game seed: 18200946973121250175

1517 wakim the Tainter (level 8, -7/52 HPs)
             Began as an Octopode Venom Mage on Mar 19, 2021.
             Killed from afar by a white imp (11 damage)
             ... with a puff of frost
             ... on level 6 of the Dungeon.
             The game lasted 00:17:29 (7621 turns).

wakim the Tainter (Octopode Venom Mage)             Turns: 7621, Time: 00:17:29

Health: -7/52      AC:  1    Str:  7    XL:     8   Next: 83%
Magic:  11/12      EV: 15    Int: 20    God:
Gold:   332        SH:  0    Dex: 12    Spells: 3/13 levels left

rFire    + . .     SeeInvis .   b - staff of air
rCold    . . .     Faith    .   (no shield)
rNeg     . . .     Spirit   .   (helmet restricted)
rPois    .         Reflect  .   r - amulet of magic regeneration
rElec    +         Harm     .   g - ring of protection from fire
rCorr    .         Rampage  .   j - ring of willpower
Will     +....                  (no ring)
Stlth    ++++......             (no ring)
HPRegen  0.17/turn              (no ring)
MPRegen  0.38/turn              (no ring)
                                (no ring)
                                (no ring)

@: no status effects
A: almost no armour, amphibious, 8 rings, camouflage 1, gelatinous body 1,
nimble swimmer 1, tentacles
a: no special abilities


You were on level 6 of the Dungeon.
You visited 1 branch of the dungeon, and saw 6 of its levels.
You also visited: Sewer.

You collected 332 gold pieces.

Inventory:

Hand Weapons
 a - a +2 short sword of holy wrath
Missiles
 c - 3 curare-tipped darts
 f - 6 silver boomerangs
 m - 5 boomerangs
 t - 24 poisoned darts
Magical Staves
 b - a staff of air (weapon)
Jewellery
 d - an amulet of the acrobat
 g - a ring of protection from fire (left tentacle)
 j - a ring of willpower (right tentacle)
 r - an amulet of magic regeneration (around mantle)
 v - an amulet of reflection
Wands
 i - a wand of iceblast (19)
 q - a wand of flame (20)
Scrolls
 D - a scroll of blinking
 Y - 6 scrolls of teleportation {@r3}
 Z - a scroll of identify {@r1}
Potions
 e - a potion of degeneration {unknown}
 l - a potion of resistance {unknown}
 n - a potion of ambrosia {unknown}
 o - a potion of curing {unknown}
 p - a potion of berserk rage {unknown}
 s - a potion of haste {unknown}
 A - 4 potions of attraction
 B - 2 potions of brilliance
 L - 4 potions of flight


   Skills:
 - Level 3.0 Fighting
 * Level 1.5 Staves
 + Level 6.1 Dodging
 - Level 5.0 Stealth
 - Level 3.0 Spellcasting
 - Level 1.0 Transmutations
 + Level 3.4 Air Magic
 - Level 8.0 Poison Magic
 + Level 1.1 Evocations


You had 3 spell levels left.
You knew the following spells:

 Your Spells              Type           Power      Damage    Failure   Level
a - Sting                 Tmut/Pois      84%        1d7       2%          1
g - Ignite Poison         Fire/Tmut/Pois 15%        N/A       12%         3
s - Poisonous Vapours     Pois/Air       76%        N/A       1%          2
w - Olgreb's Toxic Radia  Pois           35%        N/A       5%          4

Your spell library contained the following spells:

 Spells                   Type           Power      Damage    Failure   Level
 Mephitic Cloud           Conj/Pois/Air  27%        N/A       9%          3
 Magic Dart               Conj           12%        1d3       14%         1
 Blink                    Tloc           N/A        N/A       22%         2
 Call Imp                 Summ           3%         N/A       22%         2
 Slow                     Hex            3%         N/A       22%         2
 Confusing Touch          Hex            3%         N/A       38%         3
 Conjure Flame            Conj/Fire      3%         6-21      38%         3
 Gell's Gravitas          Tloc           1%         N/A       38%         3
 Petrify                  Tmut/Erth      5%         N/A       75%         4
 Yara's Violent Unravell  Hex/Tmut       2%         3d3       97%         5
 Metabolic Englaciation   Hex/Ice        1%         N/A       98%         5


Dungeon Overview and Level Annotations

Branches:
Dungeon (6/15)              Sewer (visited)
 Temple: D:4-7

Altars:
Ashenzari
Hepliaklqana
Kikubaaqudgha
Qazlal
Trog
Zin


Innate Abilities, Weirdness & Mutations

You cannot wear most types of armour.
You are amphibious.
You can wear up to eight rings at the same time.
Your skin changes colour to match your surroundings (Stealth+).
Your rubbery body absorbs attacks. (AC +1, EV +1)
You are stealthy while swimming. (Stealth+)
You have tentacles for arms and can constrict up to eight enemies at once.


Message History

Your Evocations skill increases to level 1!
Poisonous vapours surround the iguana!
The iguana is engulfed in poison gas.
The iguana is poisoned.
You kill the iguana!
You see here an iguana corpse.
A white imp comes into view.
The white imp cannot be affected by poisonous vapours!
The white imp shouts!
The white imp gestures at you. The puff of frost hits you!
The white imp gestures at you. The puff of frost hits you.
The white imp lashes its tail.
The white imp gestures at you. The puff of frost hits you!
* * * LOW HITPOINT WARNING * * *
Your +2 short sword of holy wrath stops glowing.
b - a staff of air (weapon)
The white imp gestures at you. The puff of frost hits you!
* * * LOW HITPOINT WARNING * * *
Casting: Poisonous Vapours (safe; 1% risk of failure)
Confirm with . or Enter, or press ? or * to list all spells.
Aiming: Sting (safe; 2% risk of failure)
Press: ? - help, Shift-Dir - straight line, f/p - white imp
Aim: a white imp (24% to evade)
The white imp is poisoned.
The white imp hits you.
* * * LOW HITPOINT WARNING * * *
The white imp freezes you.
* * * LOW HITPOINT WARNING * * *
Casting: Sting (safe; 2% risk of failure)
Confirm with . or Enter, or press ? or * to list all spells.
Aiming: Sting (safe; 2% risk of failure)
Press: ? - help, Shift-Dir - straight line, f/p - white imp
Aim: a white imp (lightly wounded, poisoned, 24% to evade)
The white imp looks even sicker.
The white imp is lightly wounded.
The white imp gestures at you. The puff of frost hits you!
You die...

#........ ##......?.
#........ #.......#
#......# #......#
#.....# #..#.5# .
####@.# . ####....# .
##.......#
#........###############
###......##.............
##.###..#....†........
### ##..#............
####............
#............


You could see a white imp (very poisoned).

Vanquished Creatures
  Grinder (D:4)
  A hornet zombie (D:5)
  An ice beast (D:5)
  2 ogres (D:5)
  A bullfrog (D:6)
  3 scorpions
  A howler monkey (D:6)
  A jelly (D:5)
  2 orc priests (D:4)
  A hound (D:5)
  An iguana (D:6)
  2 merfolk sirens (Sewer)
  4 orc wizards
  3 worker ants
  A merfolk avatar (Sewer)
  A hound skeleton (D:4)
  A worker ant zombie (D:5)
  15 adders
  A river rat (Sewer)
  A shadow imp (D:5)
  2 adder skeletons
  A worm (D:2)
  2 dart slugs
  5 leopard geckos
  21 orcs
  6 ball pythons
  4 bats
  10 giant cockroaches
  14 goblins
  11 hobgoblins
  6 jackals
  A kobold (D:3)
  2 quokkas
  6 frilled lizards
  A giant cockroach zombie (D:6)
  31 rats
167 creatures vanquished.

Vanquished Creatures (others)
  An adder (D:4)
  An adder skeleton (D:4)
  38 plants (D:3)
40 creatures vanquished.

Grand Total: 207 creatures vanquished

Notes
Turn   | Place    | Note
-------+----------+-------------------------------------------
     0 | D:1      | wakim the Octopode Venom Mage began the quest for the Orb.
     0 | D:1      | Reached XP level 1. HP: 11/11 MP: 3/3
   213 | D:1      | Reached skill level 4 in Poison Magic
   243 | D:1      | Reached XP level 2. HP: 17/17 MP: 1/5
   861 | D:1      | Learned a level 2 spell: Poisonous Vapours
   959 | D:2      | Reached XP level 3. HP: 21/21 MP: 1/6
  1125 | D:2      | Reached skill level 5 in Poison Magic
  1428 | D:2      | Reached XP level 4. HP: 27/27 MP: 5/8
  1704 | D:2      | Reached skill level 6 in Poison Magic
  1704 | D:2      | Reached XP level 5. HP: 31/31 MP: 0/9
  2536 | D:3      | Learned a level 4 spell: Olgreb's Toxic Radiance
  2540 | D:3      | Learned a level 3 spell: Ignite Poison
  3192 | D:4      | Reached XP level 6. HP: 33/37 MP: 7/10
  3497 | D:4      | Found a glowing drain.
  3504 | D:4      | Reached skill level 1 in Fighting
  3512 | Sewer    | Entered a sewer
  3824 | Sewer    | Reached skill level 7 in Poison Magic
  4125 | D:4      | Reached XP level 7. HP: 43/43 MP: 8/11
  4713 | D:4      | Noticed Grinder
  4730 | D:4      | Killed Grinder
  4731 | D:4      | Reached skill level 8 in Poison Magic
  5659 | D:5      | Entered Level 5 of the Dungeon
  5665 | D:5      | Reached skill level 5 in Stealth
  5802 | D:5      | Reached XP level 8. HP: 51/51 MP: 7/12
  5956 | D:5      | Found a hazy altar of Hepliaklqana.
  6145 | D:5      | Reached skill level 5 in Dodging
  6145 | D:5      | Reached skill level 1 in Air Magic
  6411 | D:5      | Found a stormy altar of Qazlal.
  6499 | D:5      | Found an ancient bone altar of Kikubaaqudgha.
  6605 | D:5      | Found a bloodstained altar of Trog.
  7417 | D:6      | Found a broken altar of Ashenzari.
  7431 | D:6      | Reached skill level 1 in Staves
  7514 | D:6      | Found a glowing silver altar of Zin.
  7514 | D:6      | Found a broken altar of Ashenzari.
  7568 | D:6      | Reached skill level 1 in Evocations
  7621 | D:6      | Killed from afar by a white imp

Illustrated notes

Levels and vault maps discovered:
D:1:      evilmike_arrival_rings, layout_loops_ring
D:2:      cheibrodos_greedy_goblins, layout_rooms
D:3:      layout_loops_cross, kennysheep_boxes
D:4:      layout_loops_ring, lightli_sewer_entry_pipes, lemuel_flame_loot_1,
          uniq_grinder
D:5:      layout_loops_ring, kennysheep_mini, general_overflow_altar,
          nicolae_qazlal_eye_of_the_storm, basic_altar, minivault_5
D:6:      layout_cave_pools, amethyst_overflow_temple_binary, temple_hall,
          roderic_serpentine_path, kennysheep_flooded_box,
          okawaru_ov_weapons_minmay

Skill      XL: |  1  2  3  4  5  6  7  8 |
---------------+-------------------------+-----
Poison Magic   | 4 5 6 7 8 |  8.0
Spellcasting   | 3 |  3.0
Stealth        | 3 4 5 |  5.0
Fighting       | 1 2 3 |  3.0
Dodging        | 3 4 6 |  6.1
Air Magic      | 3 |  3.4
Staves         | 1 |  1.5
Evocations     | 1 |  1.1
Transmutations | |  1.0

Action                   |  1- 3 |  4- 6 |  7- 9 || total
-------------------------+-------+-------+-------++-------
Melee: Constrict         |     1 |     5 |     8 ||    14
       Tentacles         |     1 |     2 |     8 ||    11
       Unarmed           |     1 |       |       ||     1
       Short sword       |       |    23 |    40 ||    63
 Cast: Sting             |    17 |       |    14 ||    31
       Poisonous Vapours |    20 |    74 |    38 ||   132
       Olgreb's Toxic Ra |       |     7 |     6 ||    13
       Ignite Poison     |       |     4 |     5 ||     9
  Use: Scroll            |       |     9 |     2 ||    11
 Stab: Sleeping          |       |    11 |     4 ||    15
Armor: Skin              |       |     2 |     1 ||     3
Dodge: Dodged            |     3 |    18 |    35 ||    56

Table legend: (Time is in decaauts)
 A = Elapsed time spent in this place.
 B = Non-inter-level travel time spent in this place.
 C = Inter-level travel time spent in this place.
 D = Time resting spent in this place.
 E = Time spent auto-exploring this place.
 F = Levels seen in this place.
 G = Mean time per level.
                   A        B        C        D        E       F      G
               +--------+--------+--------+--------+--------+-----+--------+
         Total |   7626 |   7493 |    133 |     61 |   6348 |   7 | 1089.4 |
       Dungeon |   7049 |   6916 |    133 |     61 |   5935 |   6 | 1174.8 |
         Sewer |    577 |    577 |      0 |      0 |    413 |   1 |  577.0 |
               +--------+--------+--------+--------+--------+-----+--------+

Top non-repeatable levels by time:
     D:4: 1991 daAuts
     D:5: 1459 daAuts
     D:2: 1207 daAuts
     D:1: 1016 daAuts
     D:3: 870 daAuts
   Sewer: 577 daAuts
     D:6: 504 daAuts
